Cogmind - Beta 10.2 @@@ ROGUE MODE // 2022.01.26 @ 15:32:05 Player: lumberblack Result: Destroyed by AD-0RF with AD-0RF's Magmablaster Performance ------------- Evolutions (1) 500 Regions Visited (6) 1200 Robots Destroyed (75) 375 Value Destroyed (1176) 1176 Prototype IDs (35) 700 Alien Tech Used (0) 0 Bonus (300) 300 TOTAL SCORE: 4251 Bonus ------- Aligned with FarCom 300 Cogmind --------- Core Integrity 0/400 Matter 149/300 Energy 170/170 System Corruption 0% Temperature Cool (69) Movement Treading (200) Ox2 Location -8/Mines Parts ------- > --- POWER (1) -------- Makeshift Power Source > --- PROPULSION (2) --- Light Treads Light Treads > --- UTILITY (4) ------ Experimental Heat Sink Humpback Advanced Weapon Cycler > --- WEAPON (2) ------- Improved Assault Rifle 8R-AWN's Boregun > --- INVENTORY (24) --- Makeshift Power Source Reinforced Fission Core Light Treads Light Treads Light Treads Advanced Myomer Leg Advanced Myomer Leg Combat Antigrav System Humpback High-capacity Matter Pod (200) Gravity Neutralizing Apparatus Makeshift Terrain Scanner Experimental Targeting Computer Advanced Launcher Guidance Computer Improved Target Analyzer Advanced Core Analyzer Improved Armor Integrity Analyzer Advanced Transmission Jammer Advanced Component Analysis Suite System Purifier Improved Assault Rifle Peak State ------------ > --- POWER ------------ Reinforced Fission Core > --- PROPULSION ------- Advanced Myomer Leg Advanced Myomer Leg > --- UTILITY ---------- Experimental Heat Sink Large Storage Unit High-capacity Storage Unit Advanced Weapon Cycler > --- WEAPON ----------- 8R-AWN's Boregun 8R-AWN's Boregun > --- INVENTORY -------- Large Storage Unit Gravity Neutralizing Apparatus Gravity Neutralizing Apparatus Experimental Targeting Computer Autogun Autogun Improved Assault Rifle Improved Assault Rifle Grenade Launcher [Rating: 62] Favorites ----------- Power Reinforced Ion Engine Engine Reinforced Ion Engine Power Core Reinforced Fission Core Propulsion Light Treads Treads Light Treads Leg Advanced Myomer Leg Wheel Wheel Utility Large Storage Unit Device Trap Reconfigurator Storage Large Storage Unit Processor Improved Targeting Computer Hackware EX Chip 1 Protection Hardened Light Armor Plating Weapon Improved Assault Rifle Energy Gun Improved EM Shotgun Energy Cannon Particle Cannon Ballistic Gun Improved Assault Rifle Launcher Grenade Launcher Special Weapon Plasma Cutter Build | -11 -10 -10 -9 -9 -9 -8 ------- Run | Scr Mat Min Mat Min Exi Min Slots Evolved 2 | . . . 2 . . . Power . | . . . . . . . Propulsion . | . . . . . . . Utility 2 | . . . 2 . . . Weapon . | . . . . . . . Parts Attached 100 | 5 17 7 24 8 36 3 Power 10 | . 3 1 3 . 3 . Engine 9 | . 3 1 3 . 2 . Core 1 | . . . . . 1 . Reactor . | . . . . . . . Propulsion 22 | 3 7 3 2 . 7 . Treads 14 | 1 4 2 2 . 5 . Leg 2 | . . . . . 2 . Wheel 6 | 2 3 1 . . . . Hover . | . . . . . . . Flight . | . . . . . . . Utility 30 | 1 3 . 9 1 14 2 Device 14 | 1 . . 2 . 9 2 Storage 8 | . 3 . 2 1 2 . Processor 1 | . . . 1 . . . Hackware 2 | . . . . . 2 . Protection 5 | . . . 4 . 1 . Artifact . | . . . . . . . Weapon 38 | 1 4 3 10 7 12 1 Energy Gun 6 | . 1 . 5 . . . Energy Cannon 5 | . 2 2 . . 1 . Ballistic Gun 16 | 1 . . 3 4 7 1 Ballistic Cannon . | . . . . . . . Launcher 8 | . 1 1 2 3 1 . Special Weapon 3 | . . . . . 3 . Impact Weapon . | . . . . . . . Slashing Weapon . | . . . . . . . Piercing Weapon . | . . . . . . . Special Melee Weapon . | . . . . . . . Unidentified Prototypes 9 | . . . 3 . 6 . Parts Lost 11 | . . 1 . . 9 1 Power 1 | . . . . . 1 . Propulsion 3 | . . 1 . . 2 . Utility 1 | . . . . . 1 . Weapon 6 | . . . . . 5 1 Highest Loss Streak 9 | . . 1 . . 9 1 Average Slot Usage (%) 95 | . 98 100 99 100 89 88 Engine 11 | . 14 14 11 11 10 11 Treads 20 | . 16 25 21 22 19 22 Wheel 1 | . 11 2 . . . . Device 2 | . 1 . . . 4 19 Storage 21 | . 26 28 23 22 17 11 Hackware 3 | . . . . . 7 2 Protection 9 | . . . 14 22 7 . Energy Gun 3 | . 8 . 12 . . . Energy Cannon 4 | . 8 22 6 . 1 . Ballistic Gun 13 | . 9 . 2 21 19 22 Naked Turns . | . . . . . . . Heaviest Build 177 | 12 37 37 59 74 177 97 Greatest Support 72 | 20 40 40 40 40 72 40 Greatest Overweight (x) 17 | 1 3 3 1 1 17 2 Average Overweight (x) 1 | . 2 . . 1 1 2 Largest Inventory Capacity 44 | 6 14 14 20 18 44 24 Average Capacity 18 | 6 13 14 16 16 22 24 Most Carried 29 | 6 14 14 16 18 29 24 Average Carried 16 | 5 11 13 15 16 18 23 Final Capacity 24 | 6 14 14 16 18 24 24 Final Carried 24 | 5 14 14 16 18 24 22 Class Distribution -------------------- 66% | Mutant 23% | Scavenger-Mutant 6% | Trapper-Mutant 4% | Hauler-Mutant Dominant Class ---------------- Mutant | -10/Materials Mutant | -10/Mines Mutant | -9/Materials Mutant | -9/Mines Scavenger-Mutant | -9/Exiles Scavenger-Mutant | -8/Mines Resources | -11 -10 -10 -9 -9 -9 -8 ----------- Run | Scr Mat Min Mat Min Exi Min Matter Collected 2545 | 277 372 120 325 344 1107 . Remotely . | . . . . . . . Salvage Created 2612 | 152 433 176 632 566 653 . Parts 196 | 11 22 13 33 25 92 . Haulers Intercepted 6 | . 1 . 5 . . . Recyclers Shooed 3 | . . . 2 1 . . Parts Field Recycled . | . . . . . . . Retrieved Matter . | . . . . . . . Parts Self-Destructed . | . . . . . . . Prevented . | . . . . . . . Kills | -11 -10 -10 -9 -9 -9 -8 ------- Run | Scr Mat Min Mat Min Exi Min Combat Hostiles Destroyed 43 | . 4 10 7 20 2 . Guns 17 | . 4 . 1 11 1 . Cannons 7 | . . 4 3 . . . AOE 19 | . . 6 3 9 1 . Classes Destroyed 13 | 2 3 2 3 1 2 . Builder 2 | . . . 2 . . . Tunneler 4 | 3 . 1 . . . . Hauler 6 | . 1 . 5 . . . Recycler 8 | 1 2 . 1 4 . . Mechanic 1 | . . . 1 . . . Turret 1 | . . . . . 1 . Watcher 3 | . 2 . 1 . . . Swarmer 21 | . . 3 3 15 . . Grunt 16 | . 4 5 3 4 . . Brawler 1 | . . . 1 . . . Duelist 1 | . . . . 1 . . Zionite 8 | . . . . . 8 . Assembled 3 | . . 2 . . 1 . Best Kill Streak 6 | 2 2 5 5 6 5 . Combat Bots Only 4 | . 2 4 3 4 1 . Max Kills in Single Turn 3 | 1 1 2 3 2 1 . Gunslinging . | . . . . . . . Exploded 2 | . . 2 2 2 1 . Melee . | . . . . . . . Uniques/NPCs Destroyed 4 | . . . . . 4 . 8R-AWN (-9/Exiles) EX-BIN (-9/Exiles) EX-HEX (-9/Exiles) EX-DEC (-9/Exiles) Combat | -11 -10 -10 -9 -9 -9 -8 -------- Run | Scr Mat Min Mat Min Exi Min Damage Taken 2972 | 32 229 124 207 478 1412 490 Core 423 | . 11 10 42 60 198 102 Absorbed by Shields . | . . . . . . . Core Remaining (%) 95 | 100 . 91 . . . . Volleys Fired 246 | 9 32 27 39 38 89 12 Largest 2 | 2 2 2 2 2 2 2 Hottest 136 | 60 136 136 136 46 100 60 Shots Fired 443 | 18 64 33 73 62 169 24 Gun 335 | 18 48 . 36 48 161 24 Cannon 77 | . 16 27 32 . 2 . Launcher 28 | . . 6 5 14 3 . Special 3 | . . . . . 3 . Kinetic 280 | 9 24 . 14 48 161 24 Thermal 80 | . 16 27 32 . 5 . Explosive 28 | . . 6 5 14 3 . Electromagnetic 55 | 9 24 . 22 . . . Robot Hit Streak 27 | 5 13 3 11 6 27 14 Robot Miss Streak 3 | 2 2 2 3 2 3 2 Penetration Max 2 | . . . . . 2 . Secondary Targets . | . . . . . . . Shots Hit Robots 296 | 11 49 6 52 39 119 20 Core Hits 128 | 5 15 12 21 30 41 4 Critical Hits 32 | . . . . . 26 6 Critical Kills 5 | . . . . . 5 . Critical Parts Destroyed 15 | . . . . . 14 1 Melee Attacks . | . . . . . . . Impact . | . . . . . . . Slashing . | . . . . . . . Piercing . | . . . . . . . Sneak Attacks . | . . . . . . . Combat Hostiles . | . . . . . . . Follow-up Attacks . | . . . . . . . Damage Inflicted 7086 | 205 717 491 1480 1931 1937 325 Guns 3824 | 159 522 . 431 544 1843 325 Cannons 613 | . 165 101 347 . . . Explosions 2400 | 46 30 353 638 1242 91 . Melee . | . . . . . . . Ramming 246 | . . 37 64 145 . . Kinetic 3119 | 64 227 . 116 544 1843 325 Thermal 877 | 46 195 174 347 112 3 . Explosive 2139 | . . 280 638 1130 91 . Electromagnetic 705 | 95 295 . 315 . . . Impact . | . . . . . . . Slashing . | . . . . . . . Piercing . | . . . . . . . Highest Corruption . | . . . . . . . Average Corruption . | . . . . . . . Corruption Purged . | . . . . . . . Overload Shots . | . . . . . . . Overflow Damage 333 | . 17 29 151 136 . . Projectiles 24 | . 17 7 . . . . Explosions 297 | . . 22 139 136 . . Melee 12 | . . . 12 . . . Knockbacks 1 | . . . . 1 . . Impact 1 | . . . . 1 . . Kinetic . | . . . . . . . Secondary . | . . . . . . . Self-Inflicted Damage 414 | 32 . 68 97 145 72 . Shots 11 | 1 . 2 2 5 1 . Rammed 28 | . . 5 7 16 . . Targets Rammed 28 | . . 5 7 16 . . Kicked . | . . . . . . . Crushed . | . . . . . . . Highest Temperature 261 | 32 150 164 261 136 220 136 Average Temperature 57 | 27 47 66 68 45 59 68 Received Heat Transfer 1057 | . 135 30 42 90 . 760 Siege Activations . | . . . . . . . Robots Corrupted 1 | . . . 1 . . . Combat Hostiles . | . . . . . . . Parts Fried 4 | 1 1 . 2 . . . Impact Corruptions 3 | . . . 1 2 . . Robots Melted . | . . . . . . . Combat Hostiles . | . . . . . . . Parts Melted . | . . . . . . . Heat Transferred 1437 | . 346 285 629 150 27 . Parts Sabotaged . | . . . . . . . Parts Stolen . | . . . . . . . Parts Stripped . | . . . . . . . Power Chain Reactions 2 | 1 1 . . . . . Missiles Intercepted . | . . . . . . . Alert | -11 -10 -10 -9 -9 -9 -8 ------- Run | Scr Mat Min Mat Min Exi Min Peak Influence 266 | 20 163 194 165 266 . 2 Initial 39 | . 13 39 . 11 . . Average 71 | 11 63 86 29 124 . . Maximum Alert Level 1 | . . . . 1 . . Low Security (%) 96 | 100 100 100 100 88 . 100 Level 1 3 | . . . . 11 . . Level 2 . | . . . . . . . Level 3 . | . . . . . . . Level 4 . | . . . . . . . Level 5 . | . . . . . . . High Security . | . . . . . . . Max Security . | . . . . . . . Squads Dispatched 3 | . 2 . 1 . . . Investigation 1 | . 1 . . . . . Extermination . | . . . . . . . Reinforcement 2 | . 1 . 1 . . . Assault . | . . . . . . . Garrison . | . . . . . . . Intercept . | . . . . . . . Construction Impeded . | . . . . . . . Haulers Reinforced . | . . . . . . . Stealth | -11 -10 -10 -9 -9 -9 -8 --------- Run | Scr Mat Min Mat Min Exi Min Distress Signals 1 | . . . . 1 . . Communications Jammed . | . . . . . . . Distress Signals . | . . . . . . . Times Spotted 105 | . 13 10 17 21 43 1 Peak Tracking Total 5 | . 2 3 5 4 4 1 Tactical Retreats 23 | . 1 . . 3 19 . Traps | -11 -10 -10 -9 -9 -9 -8 ------- Run | Scr Mat Min Mat Min Exi Min Traps Triggered . | . . . . . . . Indirectly . | . . . . . . . Trap Hack Attempts . | . . . . . . . Triggered . | . . . . . . . Disarmed . | . . . . . . . Reprogrammed . | . . . . . . . Reused 1 | . . . . . 1 . Traps Extracted . | . . . . . . . Installed 5 | . . . . . 5 . Triggered . | . . . . . . . Machines | -11 -10 -10 -9 -9 -9 -8 ---------- Run | Scr Mat Min Mat Min Exi Min Machines Disabled 26 | . . 4 3 2 17 . Max in Single Turn 2 | . . 2 2 1 2 . Machines Sabotaged . | . . . . . . . Garrisons Compromised . | . . . . . . . Overloaded Fab Kills . | . . . . . . . Fab Network Shutdowns . | . . . . . . . Hacking | -11 -10 -10 -9 -9 -9 -8 --------- Run | Scr Mat Min Mat Min Exi Min Machines Accessed 7 | . 3 . 3 . 1 . Terminals 2 | . 1 . 1 . . . Fabricators . | . . . . . . . Repair Stations 2 | . 1 . 1 . . . Recycling Units 2 | . 1 . 1 . . . Scanalyzers . | . . . . . . . Garrison Access . | . . . . . . . Total Hacks 18 | . 9 . 8 . 1 . Successful 14 | . 7 . 6 . 1 . Failed 4 | . 2 . 2 . . . Catastrophic 1 | . . . 1 . . . Database Lockouts . | . . . . . . . Manual 6 | . 2 . 3 . 1 . Terminals 5 | . 2 . 3 . . . Fabricators . | . . . . . . . Repair Stations 7 | . 5 . 2 . . . Recycling Units 5 | . 2 . 3 . . . Scanalyzers . | . . . . . . . Garrison Access . | . . . . . . . Terminal Hacks 3 | . 1 . 1 . 1 . Prototype ID Bank 1 | . . . 1 . . . Branch Access Points 1 | . 1 . . . . . EX-Prototype ID Bank 1 | . . . . . 1 . Fabricator Hacks . | . . . . . . . Repair Station Hacks 6 | . 4 . 2 . . . Scan Component 3 | . 2 . 1 . . . Repair 3 | . 2 . 1 . . . Recycling Unit Hacks 1 | . . . 1 . . . Retrieve Components 1 | . . . 1 . . . Scanalyzer . | . . . . . . . Garrison Access Hacks . | . . . . . . . Unauthorized Hacks 4 | . 2 . 2 . . . Terminals 1 | . . . 1 . . . Botnet 1 | . . . 1 . . . Fabricators . | . . . . . . . Repair Stations . | . . . . . . . Recycling Units 3 | . 2 . 1 . . . Recyclers 2 | . 1 . 1 . . . Tunnel 1 | . 1 . . . . . Scanalyzers . | . . . . . . . Garrison Access . | . . . . . . . Data Cores Recovered . | . . . . . . . Used . | . . . . . . . Hacking Detections 5 | . 3 . 2 . . . Full Trace Events . | . . . . . . . Feedback Events . | . . . . . . . Feedback Blocked . | . . . . . . . Robot Schematics Acquired . | . . . . . . . Robots Built . | . . . . . . . Matter . | . . . . . . . Time . | . . . . . . . Total Robot Build Rating . | . . . . . . . Part Schematics Acquired . | . . . . . . . Parts Built . | . . . . . . . Matter . | . . . . . . . Time . | . . . . . . . Total Part Build Rating . | . . . . . . . Parts Repaired 3 | . 2 . 1 . . . Time 78 | . 52 . 26 . . . Parts Recycled . | . . . . . . . Recycled Matter . | . . . . . . . Retrieved Matter . | . . . . . . . Retrieved Components 10 | . . . 10 . . . Parts Scanalyzed . | . . . . . . . Part Schematics Acquired . | . . . . . . . Parts Damaged . | . . . . . . . Bothacking | -11 -10 -10 -9 -9 -9 -8 ------------ Run | Scr Mat Min Mat Min Exi Min Used RIF Installer . | . . . . . . . Robots Hacked . | . . . . . . . Non-combat . | . . . . . . . Combat . | . . . . . . . Robot Hacks Applied . | . . . . . . . Relay Couplers Released . | . . . . . . . Robots Rewired . | . . . . . . . Allies Hacked . | . . . . . . . Hacks Repelled . | . . . . . . . Allies | -11 -10 -10 -9 -9 -9 -8 -------- Run | Scr Mat Min Mat Min Exi Min Total Allies . | . . . . . . . Largest Group . | . . . . . . . Highest-Rated Group . | . . . . . . . Highest-Rated Ally . | . . . . . . . Total Orders . | . . . . . . . Ally Attacks . | . . . . . . . Total Damage . | . . . . . . . Kills . | . . . . . . . Allies Corrupted . | . . . . . . . Allies Melted . | . . . . . . . Intel | -11 -10 -10 -9 -9 -9 -8 ------- Run | Scr Mat Min Mat Min Exi Min Robot Analysis Total . | . . . . . . . Derelict Logs Recovered 2 | . . 1 . 1 . . Drone Launches . | . . . . . . . Drone Recoveries . | . . . . . . . Exploration | -11 -10 -10 -9 -9 -9 -8 ------------- Run | Scr Mat Min Mat Min Exi Min Turns Passed 8656 | 81 668 911 1745 1393 3815 43 Spaces Moved 3961 | 39 422 562 464 694 1774 6 Core 2 | . . . . . 2 . Treads 3267 | . 41 420 464 694 1642 6 Legs 139 | 9 . . . . 130 . Wheels 553 | 30 381 142 . . . . Hover . | . . . . . . . Flight . | . . . . . . . Fastest Speed 90 | 90 90 110 160 180 120 200 Average Speed 172 | 97 112 147 178 180 192 200 Slowest Speed 900 | 120 160 160 180 180 900 200 Overloaded Moves . | . . . . . . . Propulsion Burnouts . | . . . . . . . Robots Hopped . | . . . . . . . Cave-ins Triggered . | . . . . . . . Exploration Rate (%) 52 | 3 46 95 26 99 91 9 Regions Visited 6 Branch Regions 4 Pre-discovered Areas 2 | . 1 1 . . . . Known Exits Taken 1 | . 1 . . . . . Unknown Exits Taken 5 | 1 . 1 1 1 1 . Scrap Searched 2 | . . 1 . 1 . . Spaces Dug 14 | . . . 9 5 . . Terrain Destroyed 320 | 3 8 78 38 138 52 3 Melee . | . . . . . . . Projectile 18 | . . . . . 15 3 AOE 302 | 3 8 78 38 138 37 . Terrain Rammed . | . . . . . . . Walls Destroyed . | . . . . . . . Machines Disabled . | . . . . . . . Actions | -11 -10 -10 -9 -9 -9 -8 --------- Run | Scr Mat Min Mat Min Exi Min Total 5345 | 63 549 609 1312 760 2031 21 Wait 831 | 7 55 . 722 2 45 . Move 3955 | 38 421 561 463 693 1773 6 Hop . | . . . . . . . Pick Up 77 | 1 13 5 24 2 32 . Fast Attach 37 | 2 6 . 9 . 20 . Attach 22 | 2 . 3 5 . 11 1 Detach 9 | . . . 1 . 8 . Swap 41 | 1 11 4 10 8 5 2 Drop 94 | 3 11 4 32 1 43 . Fire 246 | 9 32 27 39 38 89 12 Melee . | . . . . . . . Ram . | . . . . . . . Kick . | . . . . . . . Crush 28 | . . 5 7 16 . . Escape Stasis . | . . . . . . . Rewire . | . . . . . . . Trap 5 | . . . . . 5 . Miscellaneous . | . . . . . . . Route ------- -11/Scrapyard -10/Materials (discovered 3 exits: *Mat / *Min x2) -10/Mines -9/Materials -9/Mines (discovered 4 exits: [*Mat x2] / *Exi / [*Zio]) -9/Exiles -8/Mines History --------- Turn | Location | Event 18 | -11/Scrapyard | Discovered new exit (range 3) 82 | -11/Scrapyard | Entered Materials 82 | -10/Materials | Discovered new exit (range 15) 163 | -10/Materials | Repaired Lgt. Treads 302 | -10/Materials | Build established: Mutant 425 | -10/Materials | Repaired EM Pulse Gun 516 | -10/Materials | Identified exit to Mines 660 | -10/Materials | Discovered new exit (range 11) 750 | -10/Materials | Entered Mines 869 | -10/Mines | Learned location of Zion (-7) 897 | -10/Mines | Excavation squad dispatched 897 | -10/Mines | A large section of the Mines collapsed 1147 | -10/Mines | Excavation squad dispatched 1258 | -10/Mines | Discovered new exit (range 8) 1425 | -10/Mines | Found a hidden stash of uninstalled traps 1661 | -10/Mines | Entered Materials 1661 | -9/Materials | Evolved 2 slots: Utility x2 1802 | -9/Materials | Repaired Grenade Launcher 2392 | -9/Materials | Discovered new exit (range 11) 3406 | -9/Materials | Entered Mines 3533 | -9/Mines | Deemed a non-threat by the Exiles lab entrance 3533 | -9/Mines | Discovered new exit (range 5) 3775 | -9/Mines | Discovered new exit (range 10) 4052 | -9/Mines | Learned Materials trap positions 4068 | -9/Mines | Discovered new exit (range 8) 4114 | -9/Mines | A Derelict revealed a hidden shortcut to a safe place 4799 | -9/Mines | Entered Exiles 4844 | -9/Exiles | Met 8R-AWN 4875 | -9/Exiles | Met EX-HEX 4924 | -9/Exiles | Met EX-BIN 5024 | -9/Exiles | Aligned with FarCom system 5026 | -9/Exiles | Given EX-Vault access code 5068 | -9/Exiles | Opened EX-Vault 5111 | -9/Exiles | Warned to stay clear of 0b10 Research branches 5370 | -9/Exiles | Met EX-DEC 5558 | -9/Exiles | Found Trap Reconfigurator 5821 | -9/Exiles | Found YOLO Cannon 5865 | -9/Exiles | Build established: Trapper-Mutant 6275 | -9/Exiles | Attacked by the Exiles 6396 | -9/Exiles | Build established: Mutant 6467 | -9/Exiles | Core integrity fell below 50% 6480 | -9/Exiles | Destroyed 8R-AWN 6501 | -9/Exiles | Lost 9 parts (1p2n1u5w) 6507 | -9/Exiles | Found Prototype Device 6507 | -9/Exiles | Identified AS-neutralizer No. 17b 6521 | -9/Exiles | Found Prototype Ballistic Gun 6521 | -9/Exiles | Identified 8R-AWN's Boregun 6525 | -9/Exiles | Found 8R-AWN's Boregun 6528 | -9/Exiles | Found Prototype Processor 6946 | -9/Exiles | Destroyed EX-BIN 6970 | -9/Exiles | Destroyed EX-HEX 6991 | -9/Exiles | Found Prototype Device 7081 | -9/Exiles | Destroyed EX-DEC 7086 | -9/Exiles | Build established: Hauler-Mutant 7171 | -9/Exiles | Identified System Purifier 7449 | -9/Exiles | Build established: Scavenger-Mutant 8594 | -9/Exiles | Discovered new exit (range 10) 8614 | -9/Exiles | Entered Mines 8627 | -8/Mines | AD-0RF came to Exiles' defense 8629 | -8/Mines | Core integrity fell below 20% 8657 | -8/Mines | Destroyed by AD-0RF with AD-0RF's Magmablaster Last Messages --------------- 08641_ HV Slug penetrates AD-0RF. 08641_ HV Slug penetrates Wall. 08641_ HV Slug penetrates AD-0RF. 08641_ HV Slug penetrates Wall. 08642_ 8R-AWN's Boregun destroyed. 08644_ HV Slug penetrates AD-0RF. 08644_ AD-0RF suffers critical hit. 08644_ Destroyed Arm. Huge Wheel. 08644_ HV Slug penetrates Wall. 08646_ HV Slug penetrates AD-0RF. 08646_ AD-0RF suffers critical hit. 08646_ HV Slug penetrates Wall. 08648_ HV Slug penetrates AD-0RF. 08648_ HV Slug penetrates Wall. 08651_ HV Slug penetrates AD-0RF. 08651_ HV Slug penetrates Wall. 08653_ HV Slug penetrates AD-0RF. 08653_ HV Slug penetrates Wall. 08655_ HV Slug penetrates AD-0RF. 08655_ HV Slug penetrates Wall. Map ----- +----------------------------------------------------+ | | | | | | | | | | | ????????????????????????????????????????????? | | ????????????????????????????????????????????? | | ???????????????????????????#????????????????? | | ????????????????????????????????????????????? | | ?????????????????????????????????? #???????? | | ?????????????????????????###????? ???????? | | ???????????????#???###?## ????? ??????? | | ??????????????????## ## ???? ??????? | | ??????????????????# ???? ???????? | | ??????????????????# #??? ????????? | | ???????????????????# ##?# ?????????? | | ????????????????????# ## """ ?? ?????? | | ?????????????????????# """ ????? | | ??????????????????????# """ ???? | | ??????????????????#??## ???? | | ??????????????????????# ???? | | ??????????????????????## ???? | | ???????????????????????## ???? | | ????????????????????????# ## ## ???? | | ????????????????????????# #?? ##????? ????? | | ????????????????????????#@ #??? #???????????? | | ??????????????????????? i #????#???????????? | | ????????????????????? ???????????????? | | ???????????????????#; #######??????????????? | | ???????????????????## ????????????????#????? | | ???????????????????#; ??????????????????????? | | ??????????????????#;#????????#???????? ?????? | | ??????????????????# ????????????????????????? | | ?????????????????? ?????????????????????????? | | ?????????????????#?????????#?????? ?????????? | | ????????????#??????????????????#????????????? | | ????????????????????????????????????????????? | | ????????????????????????????????????????????? | | ????????????????????????????????????????????? | | ????????????????????????????????????????????? | | ????????????????????????????????????????????? | | ????????????????????????????????????????????? | | ????????????????????????????????????????????? | | ????????????????????????????????????????????? | | ????????????????????????????????????????????? | | ????????????????????????????????????????????? | | ????????????????????????????????????????????? | | ????????????????????????????????????????????? | | ????????????????????????????????????????????? | | ????????????????????????????????????????????? | +----------------------------------------------------+ Best States ------------- Heat Dissipation 54 Energy Generation 19 Energy Capacity 310 Matter Stores 300 Matter Capacity 300 Sight Range 16 Terrain Scan Range 18 Terrain Scan Density 10 Additional Mass Support 12 Armor Coverage 300 Weapon Cycling 25 Evasion (%) 42 Targeting Accuracy 6 Recoil Reduction 2 Offensive Hacking 14 Item Schematics ----------------- None Robot Schematics ------------------ None Fabricated ------------ Nothing Alien Tech Used ----------------- None Achievements -------------- None Challenges ------------ None Game ------ Seed ActuatorArcWarhead Manual? 0 Play Time 00:46:18 Cumulative 327.7 hours Start 2022.01.26 @ 14:34:38 End 2022.01.26 @ 15:32:05 Sessions 1 Manual Loads 0 Difficulty Rogue Special Mode None Game No. 254 Rogue 254 Adventurer 0 Explorer 0 Win Type - Total 6 Types 5/0/1/0/0/0/0/0/0 Lore% 54 Gallery% 78 Achievement% 62 Wizard Run 0 Options --------- ASCII 0 Keyboard 0 Movement Numpad Keybinds 0 Fullscreen 2 Font 18/TerminusBold Map View 76x50 Tactical HUD 1 Map Filters NONE Filters NONE Steam 1 RUN: cdeddad8-38a5-40e9-a327-82cec1957ef5